Warning! The script has encountered some errors when parsing the replay. Please report them to the . » details
          0x00, prev: 0x16: 16 02 05 00 43 19 00 00 39 EF 04 00 3D 1E 00 00 99 DB 04 00 35 20 00 00 E4 03 05 00 7F 52 00 00 78 86 00 00 EB 60 00 00 60 17 05 00 [00] 00 00 00 00 00 00 00 00 00 00 00 00 00 00 00 00 00 00 00 00 00 00 00 03 00 
0x00, prev: 0x00: 16 02 05 00 43 19 00 00 39 EF 04 00 3D 1E 00 00 99 DB 04 00 35 20 00 00 E4 03 05 00 7F 52 00 00 78 86 00 00 EB 60 00 00 60 17 05 00 00 00 00 00 00 00 00 00 00 00 00 00 00 00 00 00 00 00 00 00 00 00 [00] 00 03 00 
0x00, prev: 0x01: 16 02 01 00 C1 59 00 00 CA 59 00 00 00 00 00 00 00 00 00 00 00 00 00 00 00 00 00 00 00 00 00 00 00 00 00 00 01 [00] 05 26 00 16 02 01 00 91 5A 00 00 A0 5A 00 00 16 01 01 00 C5 47 00 00 3F 05 01 00 1A 19 77 74 77 6F C5 47 00 00 3F 05 01 00 04 26 00 16 02 01 00 F4 49 00 00 CE E2 00 00 16 01 01 00 F0 16 00 00 12 4E 01 00 1A 19 6E 6C 76 6F F0 16 00 00 12 4E 01 00 
        General information
			
			
        
        - name: BNet
 
        - type: Ladder team game (AT/RT)
 
        - host: Battle.net
 
        - saver: w_e[s.t(s_c]u)m
 
        
map: SunrockCove 
        - players: 6
 
        - length: 18:04
 
        - speed: Fast
 - version: 1.22 W3XP
 - replay type:  Public
 
» download(98 KB)
Players
        team 1 (loser) 
              
              
I)3vil (
red | 168 APM | 1140 actions | 06:47)
              
 2 Priestess of the Moon 
 1 Searing Arrows
 1 Trueshot Aura
 
                » actions 
                
                | Assign group hotkey | 15 |  | 
| Basic commands | 47 |  | 
| Build / train | 43 |  | 
| Enter build submenu | 16 |  | 
| Enter hero's abilities submenu | 7 |  | 
| Right click | 222 |  | 
| Select / deselect | 116 |  | 
| Select group hotkey | 650 |  | 
| Use ability | 24 |  | 
                1140 total
 » units 
                
                | Wisp | 12 |  | 
| Hippogryph | 7 |  | 
| Chimaera | 6 |  | 
                25 total
 » upgrades
                
                | Reinforced Hides | 2 |  | 
| Corrosive Breath | 1 |  | 
| Strength of the Wild | 2 |  | 
                5 total
 » buildings
                
                | Moon Well | 9 |  | 
| Hunter's Hall | 1 |  | 
| Ancient Protector | 1 |  | 
| Tree of Ages | 1 |  | 
| Altar of Elders | 1 |  | 
| Ancient of Wonders | 1 |  | 
| Tree of Eternity | 1 |  | 
| Ancient of Wind | 1 |  | 
| Chimaera Roost | 2 |  | 
                18 total
 » build order
                00:09 Moon Well
00:11 Hunter's Hall
01:32 Ancient Protector
02:33 Tree of Ages
02:44 Altar of Elders
03:15 Ancient of Wonders
03:51 Moon Well
05:01 Tree of Eternity
05:17 Moon Well
05:52 Ancient of Wind
06:30 Moon Well
06:47 Moon Well
 
               
              
              
w_e[s.t(s_c]u)m (
orange | 179 APM | 1214 actions | 06:47)
              
 3 Archmage 
 1 Summon Water Elemental
 2 Brilliance Aura
 1 Paladin 
 1 Holy Light
 1 Mountain King 
 1 Storm Bolt
 
                » actions 
                
                | Assign group hotkey | 22 |  | 
| Basic commands | 25 |  | 
| Build / train | 86 |  | 
| ESC pressed | 4 |  | 
| Enter build submenu | 31 |  | 
| Enter hero's abilities submenu | 11 |  | 
| Give item / drop item | 2 |  | 
| Right click | 489 |  | 
| Select / deselect | 235 |  | 
| Select group hotkey | 203 |  | 
| Use ability | 106 |  | 
                1214 total
 » units 
                
                | Peasant | 26 |  | 
| Goblin Shredder | 1 |  | 
| Goblin Zeppelin | 2 |  | 
                29 total
 » upgrades
                
                | Masonry | 2 |  | 
| Lumber Harvesting | 1 |  | 
| Magic Sentry | 1 |  | 
                4 total
 » buildings
                
                | Altar of Kings | 1 |  | 
| Farm | 9 |  | 
| Lumber Mill | 1 |  | 
| Scout Tower | 15 |  | 
| Arcane Tower | 1 |  | 
| Guard Tower | 9 |  | 
| Keep | 2 |  | 
| Arcane Vault | 4 |  | 
| Castle | 1 |  | 
| Arcane Sanctum | 1 |  | 
| Blacksmith | 1 |  | 
| Town Hall | 1 |  | 
                46 total
 » build order
                00:21 Altar of Kings
00:37 Farm
00:54 Lumber Mill
01:10 Scout Tower
01:45 Arcane Tower
01:48 Farm
02:19 Scout Tower
02:54 Guard Tower
02:57 Farm
02:58 Scout Tower
03:37 Scout Tower
03:46 Farm
04:06 Guard Tower
05:15 Keep
05:17 Scout Tower
05:20 Scout Tower
05:22 Scout Tower
05:27 Arcane Vault
05:30 Arcane Vault
05:31 Arcane Vault
05:48 Guard Tower
06:07 Guard Tower
06:47 Guard Tower
» items
                
                | Boots of Speed | 1 |  | 
| Staff of Teleportation | 1 |  | 
| Tome of Retraining | 1 |  | 
| Scroll of Regeneration | 4 |  | 
| Ivory Tower | 9 |  | 
| Scroll of Town Portal | 2 |  | 
                18 total
  
               
              
              
tf2SUX (
purple | 131 APM | 887 actions | 06:47)
              
 3 Blademaster 
 2 Wind Walk
 1 Critical Strike
 1 Tauren Chieftain 
 1 Shockwave
 
                » actions 
                
                | Assign group hotkey | 24 |  | 
| Basic commands | 16 |  | 
| Build / train | 60 |  | 
| Enter build submenu | 26 |  | 
| Enter hero's abilities submenu | 8 |  | 
| Give item / drop item | 1 |  | 
| Right click | 372 |  | 
| Select / deselect | 135 |  | 
| Select group hotkey | 167 |  | 
| Use ability | 78 |  | 
                887 total
 » units 
                
                | Peon | 12 |  | 
| Wind Rider | 5 |  | 
| Troll Batrider | 1 |  | 
                18 total
 » upgrades
                
                | Ranged Weapons | 2 |  | 
| Liquid Fire | 1 |  | 
| Envenomed Spears | 1 |  | 
                4 total
 » buildings
                
                | Altar of Storms | 1 |  | 
| Orc Burrow | 6 |  | 
| Voodoo Lounge | 2 |  | 
| War Mill | 1 |  | 
| Watch Tower | 3 |  | 
| Stronghold | 2 |  | 
| Fortress | 1 |  | 
| Beastiary | 2 |  | 
| Great Hall | 1 |  | 
                19 total
 » build order
                00:09 Altar of Storms
00:16 Orc Burrow
01:04 Voodoo Lounge
01:23 War Mill
02:05 Orc Burrow
02:23 Orc Burrow
03:03 Watch Tower
03:21 Stronghold
03:21 Stronghold
03:24 Watch Tower
03:42 Watch Tower
05:46 Fortress
05:49 Beastiary
05:51 Beastiary
06:47 Great Hall
» items
                
                | Healing Salve | 1 |  | 
| Lesser Clarity Potion | 3 |  | 
| Scroll of Speed | 1 |  | 
| Orb of Lightning | 7 |  | 
| Potion of Healing | 1 |  | 
                13 total
  
               team 2 (winner) 
              
              
» 
SpiritWarrior (
yellow | 77 APM | 521 actions | 06:47)
              
 1 Crypt Lord 
 1 Carrion Beetles
 
                » actions 
                
                | Basic commands | 15 |  | 
| Build / train | 33 |  | 
| Enter build submenu | 11 |  | 
| Enter hero's abilities submenu | 1 |  | 
| Right click | 246 |  | 
| Select / deselect | 200 |  | 
| Use ability | 15 |  | 
                521 total
 » units 
                
                | Acolyte | 6 |  | 
| Ghoul | 4 |  | 
| Crypt Fiend | 17 |  | 
                27 total
 » upgrades
                
                | Creature Attack | 1 |  | 
| Creature Carapace | 1 |  | 
| Web | 1 |  | 
                3 total
 » buildings
                
                | Ziggurat | 6 |  | 
| Altar of Darkness | 1 |  | 
| Crypt | 2 |  | 
| Graveyard | 1 |  | 
| Halls of the Dead | 1 |  | 
                11 total
 » build order
                00:10 Ziggurat
00:18 Altar of Darkness
01:05 Ziggurat
01:16 Crypt
01:41 Graveyard
02:15 Crypt
04:33 Ziggurat
05:17 Ziggurat
05:30 Ziggurat
06:47 Ziggurat
 
               
              
              
» 
myDOGfuxYOmomma (
green | 133 APM | 901 actions | 06:47)
              
 1 Dreadlord 
 1 Vampiric Aura
 1 Crypt Lord 
 1 Impale
 
                » actions 
                
                | Assign group hotkey | 6 |  | 
| Basic commands | 13 |  | 
| Build / train | 61 |  | 
| Enter build submenu | 14 |  | 
| Enter hero's abilities submenu | 2 |  | 
| Remove unit from queue | 6 |  | 
| Right click | 416 |  | 
| Select / deselect | 280 |  | 
| Select group hotkey | 77 |  | 
| Use ability | 26 |  | 
                901 total
 » units 
                
                | Acolyte | 2 |  | 
| Ghoul | 14 |  | 
| Crypt Fiend | 6 |  | 
| Necromancer | 4 |  | 
| Abomination | 1 |  | 
                27 total
 » upgrades
                
                | Unholy Strength | 3 |  | 
| Unholy Armor | 1 |  | 
| Web | 1 |  | 
| Necromancer Training | 1 |  | 
| Skeletal Longevity | 1 |  | 
| Skeletal Mastery | 1 |  | 
| Disease Cloud | 1 |  | 
                9 total
 » buildings
                
                | Crypt | 1 |  | 
| Ziggurat | 4 |  | 
| Altar of Darkness | 1 |  | 
| Tomb of Relics | 1 |  | 
| Graveyard | 1 |  | 
| Spirit Tower | 1 |  | 
| Halls of the Dead | 1 |  | 
| Slaughterhouse | 1 |  | 
| Temple of the Damned | 1 |  | 
| Black Citadel | 3 |  | 
                15 total
 » build order
                00:07 Crypt
00:39 Ziggurat
00:46 Altar of Darkness
01:17 Ziggurat
01:24 Tomb of Relics
02:24 Ziggurat
03:39 Graveyard
05:19 Spirit Tower
05:20 Halls of the Dead
06:47 Ziggurat
» items
                
                | Rod of Necromancy | 1 |  | 
| Dust of Appearance | 2 |  | 
| Scroll of Town Portal | 1 |  | 
| Potion of Healing | 1 |  | 
                5 total
  
               
              
              
» 
eunasoo (
pink | 160 APM | 1084 actions | 06:47)
              
 1 Blademaster 
 1 Mirror Image
 
                » actions 
                
                | Assign group hotkey | 29 |  | 
| Basic commands | 28 |  | 
| Build / train | 46 |  | 
| Enter build submenu | 15 |  | 
| Enter hero's abilities submenu | 1 |  | 
| Right click | 452 |  | 
| Select / deselect | 426 |  | 
| Select group hotkey | 44 |  | 
| Use ability | 43 |  | 
                1084 total
 » units 
                
                | Peon | 12 |  | 
| Grunt | 8 |  | 
| Kodo Beast | 1 |  | 
| Tauren | 7 |  | 
| Raider | 2 |  | 
                30 total
 » upgrades
                
                | Melee Weapons | 2 |  | 
| Spiked Barricades | 1 |  | 
| Berserker Strength | 1 |  | 
| Pillage | 1 |  | 
| Pulverize | 1 |  | 
| Ensnare | 1 |  | 
                7 total
 » buildings
                
                | Altar of Storms | 1 |  | 
| Orc Burrow | 5 |  | 
| Barracks | 1 |  | 
| War Mill | 1 |  | 
| Watch Tower | 3 |  | 
| Voodoo Lounge | 1 |  | 
| Stronghold | 1 |  | 
| Fortress | 1 |  | 
| Beastiary | 1 |  | 
| Tauren Totem | 2 |  | 
                17 total
 » build order
                00:06 Altar of Storms
00:11 Orc Burrow
00:25 Barracks
01:32 Orc Burrow
01:43 War Mill
02:58 Orc Burrow
03:15 Watch Tower
03:55 Voodoo Lounge
05:20 Stronghold
06:36 Watch Tower
06:47 Orc Burrow
» items
                
                | Healing Salve | 4 |  | 
| Scroll of Town Portal | 1 |  | 
                5 total
  
                Chat log
          (00:02 / Allies) w_e[s.t(s_c]u)m: for honor
(00:30 / Allies) tf2SUX: ah crap im on end
(00:34 / Allies) w_e[s.t(s_c]u)m: tower up all
(00:57 / 7) w_e[s.t(s_c]u)m: ud ud orc
(00:57 / Allies) tf2SUX: wish red was ud
(01:05 / 7) w_e[s.t(s_c]u)m: o well
(01:11 / Allies) I)3vil: y?
(01:18 / Allies) w_e[s.t(s_c]u)m: its good for this map
(01:24 / 7) w_e[s.t(s_c]u)m: remember not too many towers
(01:26 / 7) w_e[s.t(s_c]u)m: get tech in
(01:45 / Allies) I)3vil: gona go for chimes
(01:51 / Allies) w_e[s.t(s_c]u)m: k
(01:57 / 7) w_e[s.t(s_c]u)m: at least he istn rushing
(04:00 / 7) w_e[s.t(s_c]u)m: inc
(04:21 / Allies) tf2SUX: coming
(05:44 / 7) w_e[s.t(s_c]u)m: inc
(06:28 / 7) w_e[s.t(s_c]u)m: salve me
(06:31 / 7) w_e[s.t(s_c]u)m: salve me
(06:47 / 7) w_e[s.t(s_c]u)m: ...